 Dungeon Crawl Stone Soup version 0.15.0-12-gccce430 (webtiles) character file.

2109 Kex the Ruffian (level 9, -9/88 HPs)
             Began as a Troll Monk on Sept 2, 2014.
             Was a Believer of the Shining One.
             Killed from afar by an adder (31 damage)
             ... with an exploding inner flame
             ... hexed by the player character
             ... on Level 8 of the Dungeon.
             The game lasted 00:35:06 (5706 turns).

Kex the Ruffian (Troll Monk)                        Turns: 5706, Time: 00:35:08

HP  -9/88        AC  7     Str 21      XL: 9   Next:  7%
MP   4/4         EV 13     Int  6      God: the Shining One [**....]
Gold 358         SH  0     Dex 15      Spells:  0 memorised,  8 levels left

rFire  . . .     SeeInvis .       - Unarmed
rCold  . . .     Clarity  .     a - +1 robe
rNeg   + . .     rCorr    .     (shield restricted)
rPois  .         rRot     .     (helmet restricted)
rElec  .         Spirit   .     k - +0 cloak
SustAb .         Warding  .     (gloves unavailable)
rMut   .         Stasis   .     (boots unavailable)
Gourm  +                        (no amulet)
MR     .....                    (no ring)
                                o - ring of regeneration

@: lethally poisoned, glowing, not resistant to hostile enchantments, very
unstealthy
A: unfitting armour, claws 3, fast metabolism 3, gourmand, regeneration 2,
saprovore 2, shaggy fur 1, tough skin 2
a: Divine Shield, Renounce Religion


You were on level 8 of the Dungeon.
You worshipped the Shining One.
The Shining One was pleased with you.
You were very full.

You visited 2 branches of the dungeon, and saw 9 of its levels.

You collected 358 gold pieces.

Inventory:

Hand weapons
 i - a +7 club
Armour
 a - a +1 robe (worn)
 k - a +0 cloak (worn)
Magical devices
 q - a wand of teleportation (5)
Comestibles
 b - 5 meat rations
 d - a beef jerky
 f - 3 bread rations
 m - a chunk of giant cockroach flesh
 x - 2 chunks of orc flesh
 z - a rotting chunk of jackal flesh
 A - a rotting chunk of iguana flesh
 B - 4 rotting chunks of orc flesh
 E - 4 chunks of jackal flesh
Scrolls
 e - a scroll of immolation
 h - a scroll of enchant armour
 j - 3 scrolls of identify
 p - 8 scrolls of remove curse
 r - a scroll of teleportation
 t - a scroll of recharging
 v - a scroll of amnesia
 C - a scroll of fog
Jewellery
 o - a ring of regeneration (left claw)
 w - an uncursed ring of protection from fire
 y - the ring of Qazlal's Vengeance {rElec Stlth+}
   (You found it on level 7 of the Dungeon)

   [ring of stealth]

   It insulates you from electricity.
   It makes you more stealthy.
Potions
 c - 2 potions of magic {unknown}
 g - a potion of porridge
 l - 2 potions of resistance
 s - a potion of cancellation
 D - a potion of heal wounds {unknown}
Books
 n - a book of Frost

   Spells                             Type                      Level
   Freeze                             Ice                          1
   Throw Frost                        Conjuration/Ice              2
   Ozocubu's Armour                   Charms/Ice                   3
   Throw Icicle                       Conjuration/Ice              4
   Summon Ice Beast                   Ice/Summoning                4
   Condensation Shield                Ice                          4
Miscellaneous
 u - a plain deck of defence {the Elixir}


   Skills:
 + Level 5.3 Fighting
   Level 1.6 Short Blades
 + Level 0.1 Maces & Flails
 + Level 6.2 Dodging
 + Level 3.0 Stealth
 + Level 7.4 Unarmed Combat


You had 8 spell levels left.
You didn't know any spells.

Dungeon Overview and Level Annotations

Branches:
Dungeon (8/15)             Temple (1/1) D:6
   Lair: D:8-11

Altars:
Ashenzari
Elyvilon
Kikubaaqudgha
Nemelex Xobeh
Qazlal
Trog
Xom
Yredelemnul
Zin
The Shining One

Portals:
Bailey: D:8


Innate Abilities, Weirdness & Mutations

You are too large for most types of armour.
You have claws for hands.
Your metabolism is lightning-fast.
You like to eat raw meat.
You heal very quickly.
You can eat rotten meat.
You are covered in fur (AC +1).
You have very tough skin (AC +2).


Message History

The orc wizard casts a spell at you. The puff of frost misses you.
You barely miss the orc wizard.
The orc wizard is almost dead.
You feel sick.
The orc wizard points at you and mumbles some strange words.
The magic dart hits you! The quokka bites you.
The orc wizard barely misses you. The adder closely misses you.
You claw the orc wizard!
The orc wizard explodes!
The fiery explosion engulfs you!
* * * LOW HITPOINT WARNING * * *
The fiery explosion engulfs the bat.
The bat explodes!
The fiery explosion engulfs the orc wizard.
The orc wizard explodes!
The fiery explosion engulfs the adder.
The adder explodes!
The fiery explosion engulfs you!
You die...

......##.#.#.........##
........#...##.##.......
##.........#....###......
.........................
............###..........
........#.#### #........
.........### .......
...##......# ... ....
#.#.§@r## #.... # #
##§§§§##+##.....
#§§§§§.........#
#..§#....).......
#.##.............# ##
#......).....#.
.........#......
....#...........
...#.........?..


You could see a quokka (inner flame).

Vanquished Creatures
  Grinder (D:6)
  Edmund (D:6)
  2 orc warriors
  2 phantoms (D:4)
  4 ogres
  An ice beast (D:7)
  Duvessa (D:7)
  The ghost of ctair the Ruinous, an average DECj (D:3)
  2 scorpions
  Dowan (D:7)
  A hound (D:4)
  A jelly (D:5)
  2 orc priests
  5 orc wizards
  3 iguanas
  2 worker ants
  Ijyb (D:2)
  A hound skeleton (D:5)
  2 worker ant zombies
  9 adders
  5 giant mites
  3 worms
  4 oozes
  26 orcs
  3 ball pythons
  14 bats
  4 giant cockroaches
  13 hobgoblins
  15 jackals
  2 quokkas
  3 giant geckos (D:5)
  6 giant newts
  12 goblins
  A jackal skeleton (D:4)
  11 kobolds
  10 rats
  A rat skeleton (D:5)
  A spectral orc (D:6)
177 creatures vanquished.

Vanquished Creatures (others)
  A gnoll sergeant (D:6)
  An orc wizard (D:6)
  5 gnolls (D:6)
  4 orcs (D:6)
11 creatures vanquished.

Grand Total: 188 creatures vanquished

Notes
Turn   | Place    | Note
--------------------------------------------------------------
     0 | D:1      | Kex, the Troll Monk, began the quest for the Orb.
     0 | D:1      | Reached XP level 1. HP: 22/22 MP: 1/1
   188 | D:1      | Reached XP level 2. HP: 26/29 MP: 1/1
   663 | D:2      | Reached XP level 3. HP: 36/36 MP: 2/2
  1070 | D:2      | Noticed Ijyb
  1093 | D:2      | Killed Ijyb
  1093 | D:2      | Reached XP level 4. HP: 26/44 MP: 2/2
  1574 | D:3      | Noticed ctair's ghost (average DECj)
  1687 | D:3      | Killed ctair's ghost
  1687 | D:3      | Reached skill level 5 in Unarmed Combat
  1687 | D:3      | Reached XP level 5. HP: 33/52 MP: 2/2
  2269 | D:4      | Noticed a phantom
  2317 | D:4      | Killed a phantom
  2317 | D:4      | Reached XP level 6. HP: 25/61 MP: 3/3
  2363 | D:4      | Found a white marble altar of Elyvilon.
  2477 | D:4      | Reached skill level 1 in Short Blades
  2939 | D:4      | Reached XP level 7. HP: 57/67 MP: 3/3
  3001 | D:5      | Entered Level 5 of the Dungeon
  3181 | D:5      | Found a stormy altar of Qazlal.
  3610 | D:5      | Found a glowing drain.
  3688 | D:5      | Found a sparkling altar of Nemelex Xobeh.
  4106 | D:6      | Noticed Edmund
  4127 | D:6      | Killed Edmund
  4127 | D:6      | Reached skill level 5 in Dodging
  4202 | D:6      | Noticed Grinder
  4207 | D:6      | Paralysed by Grinder for 2 turns
  4214 | D:6      | Killed Grinder
  4214 | D:6      | Reached skill level 6 in Unarmed Combat
  4214 | D:6      | Reached XP level 8. HP: 61/79 MP: 3/3
  4491 | D:6      | Found a staircase to the Ecumenical Temple.
  4551 | D:6      | Found a basalt altar of Yredelemnul.
  4694 | Temple   | Entered the Ecumenical Temple
  4746 | Temple   | Became a worshipper of the Shining One
  4746 | Temple   | Acquired the Shining One's first power
  4746 | Temple   | Acquired the Shining One's second power
  5038 | D:7      | Noticed Dowan
  5045 | D:7      | Killed Dowan
  5073 | D:7      | Noticed Duvessa
  5084 | D:7      | Killed Duvessa
  5138 | D:7      | Reached skill level 7 in Unarmed Combat
  5175 | D:7      | Got a sparkling granite ring
  5300 | D:7      | Reached skill level 5 in Fighting
  5471 | D:8      | Identified the ring of Qazlal's Vengeance {rElec Stlth+} (You found it on level 7 of the Dungeon)
  5542 | D:8      | Reached XP level 9. HP: 88/88 MP: 4/4
  5587 | D:8      | Found a flagged portal.
  5618 | D:8      | Found a bloodstained altar of Trog.
  5706 | D:8      | Killed from afar by an adder

Action                   |  1- 3 |  4- 6 |  7- 9 || total
-------------------------+-------+-------+-------++-------
Melee: Unarmed           |    99 |    94 |   234 ||   427
       Club              |       |    11 |       ||    11
       Short sword       |       |   113 |       ||   113
  Use: Scroll            |       |     9 |     9 ||    18
       Potion            |       |     2 |     1 ||     3
 Stab: Sleeping          |     1 |     4 |     2 ||     7
       Distracted        |       |     1 |       ||     1
  Eat: Chunk             |    12 |    18 |    28 ||    58
